 Dungeon Crawl Stone Soup version 0.27.1-4-g1640c2035a (webtiles) character file.

Game seed: 720515927051443558

4 styxcanada the Sneak (level 1, 0/10 HPs)
             Began as a Spriggan Brigand on Nov 2, 2021.
             Slain by a jackal (3 damage)
             ... on level 1 of the Dungeon.
             The game lasted 00:00:41 (91 turns).

styxcanada the Sneak (Spriggan Brigand)               Turns: 91, Time: 00:00:41

Health: 0/10       AC:  2    Str:  7    XL:     1   Next: 50%
Magic:  2/2        EV: 16    Int: 12    God:
Gold:   3          SH:  0    Dex: 16    Spells: 0/0 levels left

rFire    . . .     SeeInvis +   a - +2 dagger
rCold    . . .     Faith    .   (shield restricted)
rNeg     . . .     Spirit   .   b - +0 robe
rPois    .         Reflect  .   (helmet restricted)
rElec    .         Harm     .   g - scarf {+Inv}
rCorr    .         Rampage  .   (gloves unavailable)
Will     .....                  (boots unavailable)
Stlth    +++.......             (no amulet)
HPRegen  0.03/turn              (no ring)
MPRegen  0.08/turn              (no ring)

@: very quick
A: very small, no large weapons, unfitting armour, see invisible, speed 3
a: Evoke Invisibility


You were on level 1 of the Dungeon.
You visited 1 branch of the dungeon, and saw 1 of its levels.

You collected 3 gold pieces.

Inventory:

Hand Weapons
 a - a +2 dagger (weapon)
Missiles
 d - 8 poisoned darts (quivered)
 e - 2 curare-tipped darts
Armour
 b - a +0 robe (worn)
 c - a +0 cloak
 g - a scarf of invisibility (worn)
Jewellery
 f - a ring of ice
Scrolls
 h - a scroll of brand weapon {unknown}


   Skills:
 * Level 1.6 Fighting
 + Level 2.1 Short Blades
 + Level 2.0 Throwing
 * Level 1.7 Dodging
 * Level 6.0 Stealth


You couldn't memorise any spells.
You didn't know any spells.
Your spell library was empty.

Dungeon Overview and Level Annotations

Branches:
Dungeon (1/15)

Altars:


Innate Abilities, Weirdness & Mutations

You are very small and have problems with some larger weapons.
You are too small for most types of armour.
You have supernaturally acute eyesight. (SInv)
You cover ground extremely quickly. (Speed+++)


Message History

The jackal misses you.
You barely miss the jackal. You hit the jackal.
The jackal is moderately wounded.
A jackal comes into view.
The jackal barely misses you.
You hit the jackal.
The jackal is heavily wounded.
The jackal barely misses you.
You hit the jackal.
The jackal is severely wounded.
The jackal bites you but does no damage.
The jackal closely misses you.
You hit the jackal.
The jackal is almost dead.
The jackal bites you but does no damage.
You hit the jackal.
You kill the jackal!
Your Stealth skill increases to level 6!
You closely miss the jackal. The jackal barely misses you.
The jackal bites you.
You hit the jackal.
The jackal is severely wounded.
The jackal misses you.
You hit the jackal.
The jackal is almost dead.
The jackal bites you.
You hit the jackal but do no damage.
The jackal is almost dead.
The jackal barely misses you. The jackal closely misses you.
You hit the jackal.
You kill the jackal!
The jackal misses you.
You closely miss the jackal. The jackal completely misses you.
You hit the jackal but do no damage. The jackal bites you.
* * * LOW HITPOINT WARNING * * *
You hit the jackal.
The jackal is lightly wounded.
The jackal bites you.
You die...

..# #### #.##...
#..... #.... #... #S.
. #h# ... #@#
.....###.#
...(.....###+#
!...#####....#### .
#.#####.#
#.##.##.#####.#
#.............#######
#...................#
#......############.##


You could see a jackal and a ball python.

Vanquished Creatures
  2 jackals (D:1)
  2 ball pythons (D:1)
4 creatures vanquished.

Notes
Turn   | Place    | Note
-------+----------+-------------------------------------------
     0 | D:1      | styxcanada the Spriggan Brigand began the quest for the
                  | Orb.
     0 | D:1      | Reached XP level 1. HP: 10/10 MP: 2/2
    84 | D:1      | Reached skill level 6 in Stealth
    91 | D:1      | Slain by a jackal

Illustrated notes

Levels and vault maps discovered:
D:1:      dpeg_arrival_rooms_with_view, layout_basic,
          dreamdust_ecumenical_altar_sealed_demon, minmay_octomino_j4

Skill      XL: |  1 |
---------------+----+-----
Stealth        | 6 |  6.0
Fighting       | |  1.6
Short Blades   | |  2.1
Throwing       | |  2.0
Dodging        | |  1.7

Action                   || total
-------------------------++-------
Melee: Dagger            ||    18
 Stab: Sleeping          ||     1
Armor: Robe              ||     3
Dodge: Dodged            ||    13
